 Dungeon Crawl Stone Soup version 0.22-a0-782-g038298e (webtiles) character file.

226 Amnesiac the Ducker (level 5, -5/38 HPs)
             Began as a Mummy Earth Elementalist on July 19, 2018.
             Slain by a centaur (7 damage)
             ... on level 6 of the Dungeon.
             The game lasted 00:11:10 (4701 turns).

Amnesiac the Ducker (Mummy Earth Elementalist)      Turns: 4701, Time: 00:11:10

Health: -5/38      AC:  3    Str: 12    XL:     5   Next: 69%
Magic:  0/9        EV: 13    Int: 15    God:
Gold:   84         SH:  0    Dex: 12    Spells: 3/10 levels left

rFire    . . .     SeeInvis .   f - +0 shortbow
rCold    . . .     Gourm    .   (shield currently unavailable)
rNeg     + + +     Faith    .   c - +0 robe
rPois    ∞         Spirit   .   (no helmet)
rElec    .         Reflect  .   (no cloak)
rCorr    .         Harm     .   j - +0 pair of gloves
MR       .....                  (no boots)
Stlth    ++........             (no amulet)
HPRegen  0.12/turn              g - ring of fire
MPRegen  0.11/turn              (no ring)

@: no status effects
A: no food or potions, fire vulnerability, cold resistance 1, negative energy
resistance 3, torment resistance, unbreathing
a: no special abilities


You were on level 6 of the Dungeon.
You were not hungry.

You visited 1 branch of the dungeon, and saw 7 of its levels.

You collected 84 gold pieces.

Inventory:

Hand Weapons
 a - a +4 hand axe
 b - a +0 dagger
 f - a +0 shortbow (weapon)
Missiles
 e - 20 sling bullets
 l - 4 stones (quivered)
 m - 26 arrows
Armour
 c - a +0 robe (worn)
 j - a +0 pair of gloves (worn)
 o - a scarf of spirit shield
Jewellery
 g - a ring of fire (left hand)
Wands
 h - a wand of random effects (33)
 n - a wand of enslavement (10)
Scrolls
 d - a scroll of enchant armour {!r}
 i - 2 scrolls of remove curse {!r}
 k - a scroll of fog {!r}


   Skills:
 + Level 2.3 Fighting
 + Level 3.4 Dodging
 + Level 2.2 Stealth
 - Level 3.0 Spellcasting
 - Level 1.0 Transmutations
 - Level 3.2 Earth Magic


You had 3 spell levels left.
You knew the following spells:

 Your Spells              Type           Power        Failure   Level  Hunger
a - Sandblast             Erth           ##....       5%          1    N/A
b - Passwall              Tmut/Erth      #.......     13%         2    N/A
e - Petrify               Tmut/Erth      #.......     63%         4    N/A

Your spell library contained the following spells:

 Spells                   Type           Power        Failure   Level  Hunger
 Stone Arrow              Conj/Erth      #.....       30%         3    N/A
 Lee's Rapid Deconstruct  Erth           ##........   83%         5    N/A

Dungeon Overview and Level Annotations

Branches:
Dungeon (7/15)
 Temple: D:4-7

Altars:
Ashenzari
Dithmenos

Shops:
D:5 %

Annotations:
D:3 Ijyb, Jessica
D:4 Blork the orc


Innate Abilities, Weirdness & Mutations

You do not eat or drink.
Your flesh is vulnerable to fire.
You are immune to poison.
Your flesh is cold resistant. (rC+)
You are immune to negative energy. (rN+++)
You are immune to unholy pain and torment.
You can survive without breathing.


Message History

Found 18 poisoned needles.
The centaur shouts!
The centaur wields an uncursed shortbow.
The centaur shoots an arrow.
The arrow completely misses you.
Adjust (i)tems, (s)pells, or (a)bilities?
Adjust which spell?
Okay, then.
Quiver which item? (- for none, * to show all) (? for menu, Esc to quit)
Quivering
l - 9 stones for throwing.
The centaur shoots an arrow.
The arrow hits you but does no damage.
You see here an arrow.
The centaur shoots an arrow.
The arrow misses you.
Found a shattered altar of Ashenzari.
You see here an arrow.
Casting: Petrify (very dangerous; 63% risk of failure)
Confirm with . or Enter, or press ? or * to list all spells.
Aiming: Sandblast (safe; 5% risk of failure)
Press: ? - help, Shift-Dir - straight line, f/p - centaur
Aim: a centaur, wielding a shortbow The blast of sand hits the centaur.
The centaur is heavily wounded.
l - 8 stones The centaur unwields an uncursed shortbow.
The centaur hits you.
* * * LOW HITPOINT WARNING * * *
Casting: Sandblast (safe; 5% risk of failure)
Confirm with . or Enter, or press ? or * to list all spells.
Aiming: Sandblast (safe; 5% risk of failure)
Press: ? - help, Shift-Dir - straight line, f - adder, p - centaur
Aim: an adder The blast of sand misses the centaur.
The blast of sand hits the adder.
The adder is heavily wounded.
l - 7 stones The centaur barely misses you.
The centaur misses you.
Casting: Sandblast (safe; 5% risk of failure)
Confirm with . or Enter, or press ? or * to list all spells.
Aiming: Sandblast (safe; 5% risk of failure)
Press: ? - help, Shift-Dir - straight line, f - centaur
Aim: a centaur (heavily wounded)
The blast of sand hits the centaur.
The centaur is heavily wounded.
l - 6 stones The centaur hits you!
* * * LOW HITPOINT WARNING * * *
Casting: Sandblast (safe; 5% risk of failure)
Confirm with . or Enter, or press ? or * to list all spells.
Aiming: Sandblast (safe; 5% risk of failure)
Press: ? - help, Shift-Dir - straight line, f - adder, p - centaur
Aim: an adder (heavily wounded)
The blast of sand hits the centaur.
The centaur is heavily wounded.
l - 5 stones The centaur closely misses you.
The centaur hits you!
* * * LOW HITPOINT WARNING * * *
Casting: Sandblast (safe; 5% risk of failure)
Confirm with . or Enter, or press ? or * to list all spells.
Aiming: Sandblast (safe; 5% risk of failure)
Press: ? - help, Shift-Dir - straight line, f/p - adder
Aim: an adder (heavily wounded)
The blast of sand hits the centaur.
The centaur is severely wounded.
l - 4 stones The centaur hits you!
You die...

#. . . .#
.[.. .### #.#
.... ... _..
..... #..#.#
......#.#..#
......+...#
......#@####
#..Sc.(..#
#..##.##.#
####..##.##.#
#........##.#
#.#......##.#
#S#.####.##.#
#c#.# ####.#
#.#.# #.#


You could see a centaur and an adder.

Vanquished Creatures
  A centaur (D:4)
  2 worker ants (D:4)
  A hound skeleton (D:4)
  4 adders
  A shadow imp (D:6)
  3 leopard geckos (D:4)
  6 orcs (D:4)
  2 bats (D:2)
  4 hobgoblins
  4 jackals (D:5)
  2 quokkas
  2 ball pythons
  A goblin (D:3)
  A kobold (D:2)
  2 rats
36 creatures vanquished.

Notes
Turn   | Place    | Note
-------+----------+-------------------------------------------
     0 | D:1      | Amnesiac the Mummy Earth Elementalist began the quest for the Orb.
     0 | D:1      | Reached XP level 1. HP: 13/13 MP: 4/4
   520 | D:4      | Noticed a worker ant
   530 | D:4      | Reached XP level 2. HP: 20/20 MP: 1/5
   565 | D:4      | Learned a level 2 spell: Passwall
   615 | D:3      | Noticed Jessica
   615 | D:3      | Noticed Ijyb
   671 | D:4      | Found a shadowy altar of Dithmenos.
   753 | D:4      | Noticed a scorpion
   942 | D:4      | Reached skill level 1 in Fighting
   942 | D:4      | Reached XP level 3. HP: 23/26 MP: 2/7
  1744 | D:4      | Noticed a centaur
  1758 | D:4      | Killed a centaur
  1758 | D:4      | Reached XP level 4. HP: 9/33 MP: 0/8
  1769 | D:4      | Learned a level 4 spell: Petrify
  1991 | D:4      | Noticed Blork the orc
  2764 | D:4      | Reached XP level 5. HP: 33/38 MP: 0/9
  2968 | D:4      | Noticed a sky beast
  3667 | D:5      | Entered Level 5 of the Dungeon
  4117 | D:5      | Reached skill level 1 in Transmutations
  4381 | D:5      | Found Nafeisyl's Food Boutique.
  4577 | D:6      | Noticed a sky beast
  4653 | D:6      | Noticed a centaur
  4695 | D:6      | Found a shattered altar of Ashenzari.
  4701 | D:6      | Slain by a centaur

Vault maps used:
D:1:      dpeg_arrival_snail
D:2:      overflow_temple_1_default, lemuel_round_altar, uniq_crazy_yiuf_cottage
D:3:      serial_bayou_lagoon_a, minmay_misc_feat_roman, uniq_ijyb, uniq_jessica
D:4:      overflow_temple_1_default, first_ration, uniq_blork_the_orc
D:5:      fedhas_altar_1, serial_shops, shop
D:6:      kennysheep_little_box, ashenzari_altar_1, uniq_duvessa
D:7:      marbit_many_paths, zin_statuary, tso_oasis_becter,
          kennysheep_mini_moat, temple_hall, the_bakery, uniq_menkaure

Skill      XL: |  1  2  3  4  5 |
---------------+----------------+-----
Dodging        | 2 3 |  3.4
Fighting       | 1 2 |  2.3
Earth Magic    | 3 |  3.2
Spellcasting   | 3 |  3.0
Transmutations | 1 |  1.0
Stealth        | 2 |  2.2

Action                   |  1- 3 |  4- 6 || total
-------------------------+-------+-------++-------
Melee: Unarmed           |    18 |       ||    18
       Dagger            |     3 |    26 ||    29
       Hand axe          |       |    29 ||    29
 Fire: Shortbow          |       |    12 ||    12
Throw: Stone             |       |     1 ||     1
 Cast: Sandblast         |    30 |    43 ||    73
       Passwall          |    17 |    27 ||    44
       Petrify           |       |     2 ||     2
  Use: Scroll            |       |     4 ||     4
 Stab: Sleeping          |       |     1 ||     1
Armor: Robe              |    15 |    19 ||    34
Dodge: Dodged            |    49 |   111 ||   160

Table legend:
 A = Spawn XP
 B = Non-spawn XP
 C = Spawn XP percentage of total XP
 D = Spawn monster count
 E = Non-spawn monster count
 F = Spawn count percentage of total count
 G = Total turns spent on level
                    A         B        C        D         E        F      G
               +---------+---------+-------+---------+---------+-------+---------
         Total |       0 |     324 |   0.0 |       0 |      36 |   0.0 |  4701
               +---------+---------+-------+---------+---------+-------+---------
           D:2 |       0 |      10 |   0.0 |       0 |       7 |   0.0 |   434
           D:3 |       0 |       8 |   0.0 |       0 |       5 |   0.0 |   423
           D:4 |       0 |     260 |   0.0 |       0 |      17 |   0.0 |  2914
           D:5 |       0 |      34 |   0.0 |       0 |       6 |   0.0 |   735
           D:6 |       0 |      12 |   0.0 |       0 |       1 |   0.0 |   100
               +---------+---------+-------+---------+---------+-------+---------
